 Dungeon Crawl Stone Soup version 0.23.2-1-ga50397a6bc (webtiles) character file.

Game seed: 10579603297409868328

496 Ethylacetat the Firebug (level 6, 0/41 HPs)
             Began as a Mummy Fire Elementalist on May 15, 2019.
             Slain by Edmund
             ... wielding a +2 flail of holy wrath
              (4 damage)
             ... on level 4 of the Dungeon.
             The game lasted 00:10:37 (4667 turns).

Ethylacetat the Firebug (Mummy Fire Elementalist)   Turns: 4667, Time: 00:10:39

Health: 0/41       AC:  4    Str: 11    XL:     6   Next: 93%
Magic:  3/10       EV: 12    Int: 16    God:
Gold:   224        SH:  0    Dex: 13    Spells: 7/10 levels left

rFire    x . .     SeeInvis .   l - +4 quarterstaff (chaos)
rCold    + . .     Gourm    .   (shield currently unavailable)
rNeg     + + +     Faith    .   a - +0 robe
rPois    ∞         Spirit   .   g - +1 hat
rElec    .         Reflect  .   m - +0 cloak
rCorr    .         Harm     .   (no gloves)
MR       .....                  (no boots)
Stlth    ++........             e - amulet of the acrobat
HPRegen  0.13/turn              o - ring of flight
MPRegen  0.12/turn              (no ring)

@: very slightly contaminated
A: no food or potions, fire vulnerability, cold resistance 1, negative energy
resistance 3, torment resistance, unbreathing
a: Evoke Flight


You were on level 4 of the Dungeon.
You were not hungry.

You visited 1 branch of the dungeon, and saw 4 of its levels.

You collected 224 gold pieces.

Inventory:

Hand Weapons
 l - a +4 quarterstaff of chaos (weapon)
Armour
 a - a +0 robe (worn)
 g - a +1 hat (worn)
 m - a +0 cloak (worn)
Jewellery
 b - an uncursed ring of fire {unknown}
 e - an amulet of the acrobat (around neck)
 o - a ring of flight (left hand)
Scrolls
 c - 7 scrolls of identify {unknown}
 d - a scroll of immolation {unknown}
 f - 3 scrolls of enchant weapon {unknown}
 h - a scroll of fog {unknown}
 j - 3 scrolls of remove curse {unknown}
 k - 3 scrolls of teleportation {unknown}
 n - a scroll of amnesia {unknown}
Comestibles
 i - 6 rations


   Skills:
 - Level 1.5 Dodging
 - Level 1.5 Stealth
 - Level 2.6 Spellcasting
 * Level 4.2 Conjurations
 * Level 4.9 Fire Magic


You had 7 spell levels left.
You knew the following spells:

 Your Spells              Type           Power        Failure   Level  Hunger
a - Flame Tongue          Conj/Fire      ###..        3%          1    N/A
b - Throw Flame           Conj/Fire      ###...       4%          2    N/A

Your spell library contained the following spells:

 Spells                   Type           Power        Failure   Level  Hunger
 Conjure Flame            Conj/Fire      ###.....     9%          3    N/A
 Inner Flame              Hex/Fire       ##......     22%         3    N/A
 Sticks to Snakes         Tmut           #.......     28%         2    N/A
 Sticky Flame             Conj/Fire      ###.....     28%         4    N/A
 Fireball                 Conj/Fire      ###.......   63%         5    N/A
 Beastly Appendage        Tmut           Unusable     N/A         1    N/A
 Spider Form              Tmut/Pois      Unusable     N/A         3    N/A
 Ice Form                 Ice/Tmut       Unusable     N/A         4    N/A
 Blade Hands              Tmut           Unusable     N/A         5    N/A

Dungeon Overview and Level Annotations

Branches:
Dungeon (4/15)
 Temple: D:4-7

Altars:
Sif Muna
The Shining One

Annotations:
D:3 2 runed translucent doors, grerr's ghost, amateur DsAK
D:4 Edmund


Innate Abilities, Weirdness & Mutations

You do not eat or drink.
Your flesh is vulnerable to fire.
You are immune to poison.
Your flesh is cold resistant. (rC+)
You are immune to negative energy. (rN+++)
You are immune to unholy pain and torment.
You can survive without breathing.


Message History

Press: ? - help, Shift-Dir - straight line, f/p - Edmund
Aim: Edmund, wielding a +2 flail of holy wrath and wearing a +0 chain mail (steam, severely wounded)
The flame tongue hits Edmund but does no damage.
Edmund is severely wounded.
You are engulfed in a cloud of scalding steam.
Edmund is engulfed in a cloud of scalding steam.
Edmund barely misses you.
Edmund is engulfed in a cloud of scalding steam.
Casting: Flame Tongue (safe; 3% risk of failure)
Confirm with . or Enter, or press ? or * to list all spells.
Aiming: Flame Tongue (safe; 3% risk of failure)
Press: ? - help, Shift-Dir - straight line, f/p - Edmund
Aim: Edmund, wielding a +2 flail of holy wrath and wearing a +0 chain mail (almost dead)
You miscast Flame Tongue.
Nothing appears to happen.
You are engulfed in a cloud of scalding steam.
The plant is engulfed in a cloud of scalding steam.
Edmund hits you with a +2 flail of holy wrath!
* * * LOW HITPOINT WARNING * * *
You convulse.
You die...

≈≈≈≈≈≈≈≈≈≈≈≈≈≈≈≈≈≈≈P≈≈≈♣♣.<......
P≈≈≈≈≈≈≈≈≈≈≈≈≈≈≈≈≈≈≈≈≈≈≈♣...(....
P♣≈P≈≈≈≈≈≈≈≈≈≈≈≈≈≈≈≈≈≈♣≈.........
≈≈P≈≈≈≈≈≈≈≈≈≈≈≈≈≈≈≈≈≈≈≈..........
♣♣≈≈PP≈P≈≈≈≈≈≈≈≈♣≈≈≈♣♣...........
♣P≈♣≈♣≈≈P≈≈≈≈P≈♣♣§♣≈♣...........
#♣♣♣♣♣P≈♣≈♣≈♣♣♣♣P≈§.............
♣♣♣≈≈♣♣≈♣#.@#..............
###.....@.###.###........
###.......## #'# #......
#.........## ... ##.....
#.###...##.###### #.##..
#...##.....# #.######...#.
♣♣######...###....###..##......##
≈PP≈≈≈≈P...# #....##.............
≈≈≈≈PP≈...## #...............##..
≈≈≈≈≈≈≈....####....#..#.#....##..


You could see Edmund.

Vanquished Creatures
  An ogre (D:4)
  A hound (D:4)
  Crazy Yiuf (D:4)
  3 orc wizards (D:4)
  A centaur skeleton (D:4)
  Terence (D:3)
  Natasha (twice) (D:4)
  A worker ant (D:3)
  4 gnolls (D:2)
  5 adders
  An ooze (D:4)
  An adder skeleton (D:4)
  A worm (D:2)
  2 dart slugs
  3 leopard geckos
  2 orcs
  2 giant cockroaches
  4 goblins
  2 hobgoblins
  5 jackals
  4 bats
  6 frilled lizards
  2 kobolds
  A leopard gecko skeleton (D:4)
  7 rats
63 creatures vanquished.

Notes
Turn   | Place    | Note
-------+----------+-------------------------------------------
     0 | D:1      | Ethylacetat the Mummy Fire Elementalist began the quest for
                  | the Orb.
     0 | D:1      | Reached XP level 1. HP: 13/13 MP: 4/4
   175 | D:1      | Reached skill level 1 in Conjurations
   391 | D:1      | Reached XP level 2. HP: 12/19 MP: 1/5
  1475 | D:2      | Reached XP level 3. HP: 15/24 MP: 0/7
  1601 | D:2      | HP: 1/24 [gnoll/+0 whip of flaming (3)]
  2388 | D:2      | Found a deep blue altar of Sif Muna.
  2531 | D:2      | Reached XP level 4. HP: 21/30 MP: 0/8
  2711 | D:3      | Found a runed translucent door.
  2715 | D:3      | Noticed grerr's ghost (amateur DsAK)
  2715 | D:3      | Noticed a bullfrog
  2730 | D:3      | Found a runed translucent door.
  2913 | D:3      | Noticed Terence
  3058 | D:3      | Killed Terence
  3058 | D:3      | Reached XP level 5. HP: 34/35 MP: 0/9
  3681 | D:4      | Found a runed translucent door.
  3682 | D:4      | Noticed Crazy Yiuf
  3685 | D:4      | Got a bloodstained mace
  3691 | D:4      | Killed Crazy Yiuf
  3691 | D:4      | Reached XP level 6. HP: 14/41 MP: 5/10
  4058 | D:4      | Found a glowing golden altar of the Shining One.
  4159 | D:4      | Noticed Natasha
  4161 | D:4      | Killed Natasha
  4279 | D:4      | Noticed an orc warrior
  4349 | D:4      | Learned a level 2 spell: Throw Flame
  4597 | D:4      | Noticed Natasha
  4602 | D:4      | Killed Natasha
  4654 | D:4      | Noticed Edmund
  4667 | D:4      | Slain by Edmund

Skill      XL: |  1  2  3  4  5  6 |
---------------+-------------------+-----
Conjurations   | 1 2 3 4 |  4.2
Fire Magic     | 3 4 |  4.9
Dodging        | |  1.5
Stealth        | |  1.5
Spellcasting   | |  2.6

Action                   |  1- 3 |  4- 6 || total
-------------------------+-------+-------++-------
Melee: Dagger            |    11 |     6 ||    17
       Quarterstaff      |       |    12 ||    12
 Cast: Flame Tongue      |    52 |   104 ||   156
       Throw Flame       |       |     4 ||     4
Armor: Robe              |    11 |    17 ||    28
Dodge: Dodged            |    29 |    56 ||    85
